 Dungeon Crawl Stone Soup version 0.30.1-4-g462c640d31 (webtiles) character file.

Game seed: 17990813679615845285

704 booth the Trooper (level 7, -2/55 HPs)
             Began as a Demonspawn Monk on Aug 13, 2023.
             Was a High Priest of Jiyva.
             Slain by Duvessa
             ... wielding a +0 short sword
              (14 damage)
             ... on level 6 of the Dungeon.
             The game lasted 00:20:42 (3479 turns).

booth the Trooper (Demonspawn Monk)                 Turns: 3479, Time: 00:20:43

Health: -2/55      AC:  9    Str: 13    XL:     7   Next: 39%
Magic:  11/11      EV: 12    Int: 12    God:    Jiyva [*****.]
Gold:   129        SH:  6    Dex: 15    Spells: 11/11 levels left

rFire   + + +        a - +0 hand axe (flame)
rCold   . . .        d - orb {light}
rNeg    . . .        q - +4 ring mail
rPois   .            (helmet unavailable)
rElec   .            (no cloak)
rCorr   +            (no gloves)
SInv    .            (boots unavailable)
Will    .....        (no amulet)
Stlth   +            l - ring of flight
HPRegen 1.73/turn    (no ring)
MPRegen 0.69/turn

%: no passive effects
@: flying, glowing
A: horns 3, large bone plates 2, magic regeneration, talons 3, fire resistance
3, engulf
a: Renounce Religion, Oozemancy, Slimify


You were on level 6 of the Dungeon.
You worshipped Jiyva.
Jiyva was extremely pleased with you.
You visited 1 branch of the dungeon, and saw 6 of its levels.
You also visited: Sewer.

You collected 129 gold pieces.

Inventory:

Hand Weapons
 a - a +0 hand axe of flaming (weapon)
 i - a +3 whip
 k - a +0 flail of protection
 t - a +0 flail
 w - a +0 mace
Missiles
 n - 4 boomerangs (quivered)
Armour
 b - a +0 robe
 d - an orb of light (worn)
 q - a +4 ring mail (worn)
Magical Staves
 v - the staff of earth "Xianwaine" {rElec rF++}
   (You found it on level 3 of the Dungeon)

   [staff of earth]

   Base accuracy: +5 Base damage: 5 Base attack delay: 1.2 This weapon's minimum
   attack delay (0.6) is reached at skill level 12.
   rF:        It greatly protects you from fire.
   rElec:     It insulates you from electricity.
   It falls into the 'Staves' category.
   It is a one-handed weapon.
Jewellery
 l - a ring of flight (left hand)
Scrolls
 e - a scroll of fear
 f - 2 scrolls of vulnerability
 j - a scroll of brand weapon
 o - 2 scrolls of amnesia
 p - a scroll of teleportation
 u - a scroll of summoning
 y - 2 scrolls of immolation
Potions
 c - a potion of ambrosia
 g - a potion of curing
 r - 2 potions of attraction
 s - a potion of haste


   Skills:
 + Level 4.7 Fighting
 + Level 4.3(4.8) Axes
 + Level 2.9(4.1) Maces & Flails
 + Level 4.3 Dodging
 + Level 2.8 Spellcasting


You had 11 spell levels left.
You didn't know any spells.
Your spell library contained the following spells:

 Spells                   Type           Power      Damage    Failure   Level
 Poisonous Vapours        Pois/Air       2%         N/A       63%         2
 Mephitic Cloud           Conj/Pois/Air  1%         N/A       86%         3
 Freezing Cloud           Conj/Ice/Air   0%         6-21      100%        5


Dungeon Overview and Level Annotations

Branches:
Dungeon (6/15)              Sewer (visited)
 Temple: D:4-7

Altars:
Jiyva

Shops:
D:3 [   D:4 (

Annotations:
D:6 Duvessa


Innate Abilities, Weirdness & Mutations

You have a pair of large horns on your head.
You are mostly covered in large bone plates. (SH +6)
You regenerate magic rapidly.
You have claws for feet.
Your flesh is almost immune to the effects of heat. (rF+++)
Your melee attacks may engulf your foes in ooze.


Message History

You hit the orc. You burn the orc. You hit the sky beast.
You burn the sky beast. Duvessa barely misses you.
The sky beast barely misses you. The orc barely misses you.
You hit Duvessa but do no damage. You claw Duvessa, but do no damage.
You headbutt Duvessa.
Duvessa is heavily wounded.
You hit the sky beast. You burn the sky beast.
You hit the orc but do no damage. Duvessa hits you with a +0 short sword.
The sky beast closely misses you. The orc closely misses you.
Duvessa hits you but does no damage.
You hit Duvessa but do no damage.
Duvessa is heavily wounded.
You closely miss the sky beast. You hit the orc but do no damage.
You block Duvessa's attack. The sky beast barely misses you.
The orc hits you but does no damage.
You hit Duvessa but do no damage. You claw Duvessa, but do no damage.
Duvessa is moderately wounded.
You hit the orc but do no damage. You hit the sky beast.
You burn the sky beast. Duvessa hits you with a +0 short sword!
The sky beast hits you. The sky beast shocks you. The orc closely misses you.
You block Duvessa's attack.
You completely miss Duvessa.
Duvessa is moderately wounded.
You hit the orc. You burn the orc. You hit the sky beast.
You burn the sky beast. Duvessa hits you with a +0 short sword!
The sky beast barely misses you. You block the orc's attack.
Duvessa hits you with a +0 short sword!
You hit Duvessa. You burn Duvessa.
You engulf Duvessa in ooze!
Duvessa is heavily wounded.
You hit the orc but do no damage. You hit the sky beast but do no damage.
Duvessa is asphyxiated!
The sky beast barely misses you. The orc hits you with a +0 dagger.
Duvessa hits you with a +0 short sword!
* * * LOW HITPOINT WARNING * * *
You hit Duvessa but do no damage. You claw Duvessa.
Duvessa is heavily wounded.
You hit the sky beast. You burn the sky beast.
You hit the orc but do no damage.
Duvessa is asphyxiated!
Duvessa closely misses you. You block the sky beast's attack.
The orc completely misses you. Duvessa hits you with a +0 short sword!
You die...

...
...####
.......
.......
#......
#.....
.###...##
........##
...###e@.#
#oY##
#....
##....
......
.......#
.#.....#
.......##


You could see Duvessa (berserk, asphyxiating), a sky beast and an orc.

Vanquished Creatures
  A water moccasin (Sewer)
  An ogre (D:5)
  A centaur (D:5)
  A scorpion (D:5)
  Dowan (D:6)
  2 orc priests
  2 hounds
  Jessica (D:3)
  An iguana (D:5)
  An orc wizard (D:5)
  12 adders
  A white imp (D:5)
  3 worms
  2 dart slugs
  10 orcs
  2 endoplasms
  4 giant cockroaches
  3 hobgoblins
  2 jackals (D:2)
  7 kobolds
  2 quokkas (D:2)
  9 ball pythons
  7 bats
  2 frilled lizards
  7 goblins
  9 rats
94 creatures vanquished.

Vanquished Creatures (others)
  4 jellies
  2 orc priests (D:5)
  2 orc wizards (D:5)
  A worm (D:2)
  5 orcs (D:5)
  2 endoplasms
  2 hobgoblins (D:4)
  A quokka (D:3)
  2 ball pythons (D:4)
  A kobold (D:4)
  A rat (D:3)
23 creatures vanquished.

Grand Total: 117 creatures vanquished

Notes
Turn   | Place    | Note
-------+----------+-------------------------------------------
     0 | D:1      | booth the Demonspawn Monk began the quest for the Orb.
     0 | D:1      | Reached XP level 1. HP: 18/18 MP: 1/1
   114 | D:1      | Gained mutation: You regenerate magic rapidly. [demonic
                  | ancestry]
   114 | D:1      | Reached XP level 2. HP: 19/24 MP: 2/2
   716 | D:2      | Gained mutation: You are partially covered in large bone
                  | plates. (SH +4) [demonic ancestry]
   716 | D:2      | Reached XP level 3. HP: 26/29 MP: 3/3
   783 | D:2      | Found a faded altar of an unknown god.
   800 | D:2      | Reached skill level 1 in Maces & Flails
   824 | D:2      | Prayed at the altar of an unknown god.
   824 | D:2      | Became a worshipper of Jiyva Jysuiff the Shapeless
   824 | D:2      | Reached * piety under Jiyva
   824 | D:2      | Reached ** piety under Jiyva
   878 | D:2      | Reached skill level 1 in Spellcasting
   878 | D:2      | Gained mutation: You have a pair of small horns on your
                  | head. [demonic ancestry]
   878 | D:2      | Reached XP level 4. HP: 35/35 MP: 5/5
   953 | D:2      | Reached *** piety under Jiyva
   953 | D:2      | Gained mutation: You have sharp toenails. [Jiyva's grace]
   953 | D:2      | Gained mutation: You have razor-sharp toenails. [Jiyva's
                  | grace]
   953 | D:2      | Gained mutation: You have claws for feet. [Jiyva's grace]
   953 | D:2      | Gained mutation: Your melee attacks may engulf your foes in
                  | ooze. [Jiyva's grace]
  1549 | D:3      | Noticed Jessica
  1555 | D:3      | Killed Jessica
  1556 | D:3      | Reached XP level 5. HP: 42/42 MP: 3/7
  1562 | D:3      | Identified the staff of earth "Xianwaine" {rElec rF++}
  1812 | D:3      | Found Myzeskauq's Armour Emporium.
  2284 | D:4      | Found a glowing drain.
  2293 | Sewer    | Entered a sewer
  2321 | Sewer    | Noticed a water moccasin
  2338 | Sewer    | Killed a water moccasin
  2339 | Sewer    | Gained mutation: You have a pair of horns on your head.
                  | [demonic ancestry]
  2339 | Sewer    | Reached XP level 6. HP: 40/48 MP: 7/9
  2549 | D:4      | Found Ezaacom's Antique Weapon Shop.
  2627 | D:4      | Reached **** piety under Jiyva
  2934 | D:5      | Entered Level 5 of the Dungeon
  3108 | D:5      | Gained mutation: You are mostly covered in large bone
                  | plates. (SH +6) [demonic ancestry]
  3108 | D:5      | Reached XP level 7. HP: 51/55 MP: 10/10
  3194 | D:5      | Gained mutation: You have a pair of large horns on your
                  | head. [Jiyva's grace]
  3194 | D:5      | Gained mutation: Your flesh is heat resistant. (rF+)
                  | [Jiyva's grace]
  3194 | D:5      | Gained mutation: Your flesh is very heat resistant. (rF++)
                  | [Jiyva's grace]
  3194 | D:5      | Gained mutation: Your flesh is almost immune to the effects
                  | of heat. (rF+++) [Jiyva's grace]
  3204 | D:5      | Reached ***** piety under Jiyva
  3463 | D:6      | Noticed Duvessa
  3465 | D:6      | Noticed Dowan
  3472 | D:6      | Killed Dowan
  3479 | D:6      | Slain by Duvessa

Illustrated notes

Levels and vault maps discovered:
D:1:      scummos_arrival_simple_crosswalls, layout_basic
D:2:      minmay_alternating_diamond, layout_rooms,
          nicolae_ecumenical_snake_handling, chequers_serial_rivers_marsh,
          serial_bayou_pond_b
D:3:      layout_basic, serial_shops, shop, minmay_misc_feat_room, uniq_jessica
D:4:      corexii_shack_village, layout_loops_ring, serial_shops,
          nicolae_square_shop, portal_sewer_entry_d
D:5:      layout_cave_pools, ebering_dispersal_statue_hall, st_stairs_12
D:6:      layout_cave_pools, temple_fountains, st_stairs_6, chequers_big_river,
          uniq_maggie, uniq_blork_the_orc, uniq_sigmund, uniq_eustachio,
          uniq_crazy_yiuf_cottage, uniq_duvessa

Skill      XL: |  1  2  3  4  5  6 |
---------------+-------------------+-----
Axes           | 3 4 |  4.3
Dodging        | 3 4 |  4.3
Maces & Flails | 1 2 |  2.9
Spellcasting   | 1 2 |  2.8
Fighting       | 4 |  4.7

Action                     |  1- 3 |  4- 6 |  7- 9 || total
---------------------------+-------+-------+-------++-------
  Melee: Hand axe          |    95 |   117 |    22 ||   234
         Headbutt          |       |    23 |     6 ||    29
         Kick              |       |    23 |    11 ||    34
  Throw: Boomerang         |       |       |     4 ||     4
 Invoke: Oozemancy         |       |     1 |       ||     1
    Use: Scroll            |       |     7 |     3 ||    10
         Potion            |       |     2 |     1 ||     3
 Armour: Robe              |    15 |       |       ||    15
         Ring mail         |     3 |    59 |    10 ||    72
  Dodge: Dodged            |    77 |    75 |    21 ||   173
  Block: Orb               |     4 |    25 |     9 ||    38
